 Dungeon Crawl Stone Soup version 0.28.0 (webtiles) character file.

Game seed: 12337151283887980097

214 Host24 the Bolt Thrower (level 6, -6/38 HPs)
             Began as a Kobold Hunter on Mar 5, 2022.
             Mangled by a gnoll sergeant (12 damage)
             ... on level 4 of the Dungeon.
             The game lasted 00:06:21 (4893 turns).

Host24 the Bolt Thrower (Kobold Hunter)             Turns: 4893, Time: 00:06:22

Health: -6/38      AC:  3    Str: 11    XL:     6   Next: 15%
Magic:  6/6        EV: 15    Int: 12    God:
Gold:   79         SH:  0    Dex: 16    Spells: 5/5 levels left

rFire   . . .      SeeInvis .   a - +1 hand crossbow
rCold   . . .      Faith    .   (no shield)
rNeg    . . .      Spirit   .   c - +0 leather armour
rPois   .          Reflect  .   (no helmet)
rElec   .          Harm     .   (no cloak)
rCorr   .          Rampage  .   (no gloves)
Will    .....                   (no boots)
Stlth   +++.......              (no amulet)
HPRegen 0.12/turn               (no ring)
MPRegen 0.10/turn               (no ring)

@: no status effects
A: small, no large weapons, nightstalker 3
a: no special abilities


You were on level 4 of the Dungeon.
You visited 2 branches of the dungeon, and saw 5 of its levels.

You collected 79 gold pieces.

Inventory:

Hand Weapons
 a - a +1 hand crossbow (weapon)
 r - a +1 short sword of draining
Missiles
 d - 11 bolts (quivered ammo)
 e - 35 arrows
 f - 44 sling bullets
 i - 145 stones
 q - a boomerang
 s - 6 poisoned darts
 v - 8 large rocks
Armour
 c - a +0 leather armour (worn)
Scrolls
 b - a scroll of holy word {unknown}
 g - 2 scrolls of silence {unknown}
 l - a scroll of fear {unknown}
 n - a scroll of vulnerability {unknown}
 t - a scroll of identify {unknown}
 u - a scroll of enchant weapon {unknown}
Potions
 h - a potion of heal wounds {unknown}
 j - a potion of flight {unknown}
 k - a potion of resistance {unknown}
 m - a potion of mutation {unknown}
 o - a potion of brilliance {unknown}
 p - a potion of ambrosia {unknown}


   Skills:
 - Level 4.0 Fighting
 + Level 7.1 Crossbows
 - Level 3.1 Dodging
 - Level 1.3 Stealth


You had 5 spell levels left.
You didn't know any spells.
Your spell library contained the following spells:

 Spells                   Type           Power      Damage    Failure   Level
 Inner Flame              Hex/Fire       0%         N/A       78%         3
 Portal Projectile        Hex/Tloc       0%         N/A       78%         3
 Cause Fear               Hex            0%         N/A       99%         4
 Blade Hands              Tmut           0%         N/A       100%        5
 Excruciating Wounds      Necr           0%         N/A       100%        5
 Discord                  Hex            0%         N/A       100%        8


Dungeon Overview and Level Annotations

Branches:
Dungeon (4/15)             Temple (1/1) D:4

Altars:
Ashenzari
Cheibriados
Dithmenos
Fedhas
Makhleb
Nemelex Xobeh
Qazlal
Ru
Sif Muna
Trog
Wu Jian
Xom
Yredelemnul
Zin
The Shining One


Innate Abilities, Weirdness & Mutations

You are small and have problems with some larger weapons.
You are completely attuned to the shadows.


Message History

Press: ? - help, v - describe, . - travel
Here: a gnoll sergeant, wielding a +0 spear, wearing a +0 scale mail and wearing a +0 kite shield The floor.
Unknown command.
a - a +1 hand crossbow (weapon)
Fire: 16 bolts
Press: ? - help, Q - select action, (/) - cycle Shift-Dir - straight line, f - gnoll sergeant
Aim: a gnoll sergeant, wielding a +0 spear, wearing a +0 scale mail and wearing a +0 kite shield (77% to hit)
You shoot a bolt.
The bolt hits the gnoll sergeant but does no damage.
The gnoll sergeant hits you but does no damage.
Fire: 15 bolts
Press: ? - help, Q - select action, (/) - cycle Shift-Dir - straight line, f/p - gnoll sergeant
Aim: a gnoll sergeant, wielding a +0 spear, wearing a +0 scale mail and wearing a +0 kite shield (77% to hit)
You shoot a bolt. The gnoll sergeant blocks the bolt.
The gnoll sergeant hits you from afar with a +0 spear!
The gnoll sergeant closely misses you.
Fire: 14 bolts
Press: ? - help, Q - select action, (/) - cycle Shift-Dir - straight line, f/p - gnoll sergeant
Aim: a gnoll sergeant, wielding a +0 spear, wearing a +0 scale mail and wearing a +0 kite shield (77% to hit)
You shoot a bolt.
The bolt barely misses the gnoll sergeant.
The bolt hits the gnoll!
The gnoll is almost dead.
The gnoll sergeant hits you from afar with a +0 spear.
Fire: 13 bolts
Press: ? - help, Q - select action, (/) - cycle Shift-Dir - straight line, f/p - gnoll sergeant
Aim: a gnoll sergeant, wielding a +0 spear, wearing a +0 scale mail and wearing a +0 kite shield (77% to hit)
You shoot a bolt. The bolt hits the gnoll sergeant.
The gnoll sergeant is lightly wounded.
The gnoll sergeant hits you from afar with a +0 spear!
* * * LOW HITPOINT WARNING * * *
Fire: 12 bolts
Press: ? - help, Q - select action, (/) - cycle Shift-Dir - straight line, f/p - gnoll sergeant
Aim: a gnoll sergeant, wielding a +0 spear, wearing a +0 scale mail and wearing a +0 kite shield (lightly wounded, 77% to hit)
You shoot a bolt.
The bolt hits the gnoll sergeant but does no damage.
The gnoll sergeant is lightly wounded.
The gnoll sergeant hits you from afar with a +0 spear!
You die...

############
#..)gg.@...#
#.########.#############
..#.#..g..
#.#............
#.....g.g..
#.#.#...##.....
.##..#.####
#.#'#...##..... ....#.#
#.......##..... ....#..
#.......##..... .#..####
#.......##.....
#.....####....)


You could see a gnoll sergeant and a gnoll.

Vanquished Creatures
  A centaur skeleton (D:3)
  A hound (D:4)
  A gnoll (D:4)
  6 adders
  An adder skeleton (D:4)
  A worm (D:2)
  A dart slug (D:1)
  3 orcs
  4 bats
  10 endoplasms
  4 giant cockroaches
  12 goblins
  5 hobgoblins
  7 jackals
  A quokka (D:1)
  7 ball pythons
  8 kobolds
  5 rats
78 creatures vanquished.

Notes
Turn   | Place    | Note
-------+----------+-------------------------------------------
     0 | D:1      | Host24 the Kobold Hunter began the quest for the Orb.
     0 | D:1      | Reached XP level 1. HP: 12/12 MP: 1/1
    26 | D:1      | Reached skill level 5 in Crossbows
   374 | D:1      | Reached XP level 2. HP: 18/18 MP: 2/2
   825 | D:1      | Reached XP level 3. HP: 22/23 MP: 3/3
  1848 | D:2      | Reached XP level 4. HP: 29/29 MP: 4/4
  2569 | D:2      | Reached XP level 5. HP: 27/33 MP: 5/5
  3045 | D:3      | Reached skill level 6 in Crossbows
  3783 | D:3      | Noticed an ogre
  4101 | D:3      | Found a stormy altar of Qazlal.
  4484 | D:4      | Reached skill level 7 in Crossbows
  4484 | D:4      | Reached XP level 6. HP: 37/38 MP: 6/6
  4509 | D:4      | Found a staircase to the Ecumenical Temple.
  4533 | Temple   | Entered the Ecumenical Temple
  4893 | D:4      | Mangled by a gnoll sergeant

Illustrated notes

Levels and vault maps discovered:
D:1:      dpeg_arrival_subterranean_lakeside_camping, layout_loops_ring,
          minmay_strange_pillars, solitary_fountain
D:2:      layout_basic
D:3:      layout_basic, nicolae_qazlal_general_emergency, serial_corexii_hall,
          corexii_hall_statues_deadend, corexii_hall_statues_i, moated_statue,
          minmay_ogre_servants
D:4:      minmay_chambers_of_twos, layout_basic, minmay_temple_entry_offerings,
          serial_shops, nicolae_diamond_shop
Temple:   minmay_temple_curvy_branch

Skill      XL: |  1  2  3  4  5 |
---------------+----------------+-----
Crossbows      | 5 7 |  7.1
Fighting       | 3 4 |  4.0
Dodging        | 3 |  3.1
Stealth        | |  1.3

Action                   |  1- 3 |  4- 6 || total
-------------------------+-------+-------++-------
Melee: Short sword       |   132 |   134 ||   266
       Punch             |       |     2 ||     2
 Fire: Hand crossbow     |     3 |    25 ||    28
 Stab: Sleeping          |    13 |     6 ||    19
Armor: Leather armour    |    20 |    29 ||    49
Dodge: Dodged            |   107 |   142 ||   249
